 Dungeon Crawl Stone Soup version 0.31-a0-640-g39d97e502b (webtiles) character file.

Game seed: 12633752210801896466

1178 qw the Skirmisher (level 8, 0/50 HPs)
             Began as a Gargoyle Hunter on Aug 27, 2023.
             Killed by nerve-wracking pain
             ... invoked by an orc priest
              (5 damage)
             ... on level 5 of the Dungeon.
             The game lasted 00:02:01 (4893 turns).

qw the Skirmisher (Gargoyle Hunter)                 Turns: 4893, Time: 00:02:02

Health: 0/50       AC: 12    Str: 20    XL:     8   Next: 41%
Magic:  8/8        EV: 11    Int: 14    God:
Gold:   203        SH:  0    Dex: 14    Spells: 7/7 levels left

rFire   . . .        j - +0 shortbow (heavy)
rCold   . . .        (shield currently unavailable)
rNeg    + . .        h - +0 ring mail
rPois   inf          a - +0 helmet
rElec   +            (no cloak)
rCorr   .            (no gloves)
SInv    .            (no boots)
Will    +....        (no amulet)
Stlth   +            d - +6 ring of strength
HPRegen 0.28/turn    (no ring)
MPRegen 0.11/turn

%: no passive effects
@: no status effects
A: sickness immunity, AC +5, negative energy resistance 1, electricity
resistance, torment resistance 1, petrification resistance, clever 1,
strong-willed 1
a: no special abilities


You were on level 5 of the Dungeon.
You visited 1 branch of the dungeon, and saw 5 of its levels.

You collected 203 gold pieces.


Innate Abilities, Weirdness & Mutations

You are immune to sickness and miasma.
Your stone body is resilient. (AC +5)
You are immune to poison.
You resist negative energy. (rN+)
You are resistant to electric shocks. (rElec)
You are resistant to unholy torment.
You are immune to petrification.
Your mind is acute. (Int +4, Str/Dex -1)
You are strong-willed. (Will+)


   Skills:
 + Level 5.6 Fighting
 - Level 9.0 Ranged Weapons
 - Level 2.2 Armour
 - Level 2.2 Dodging
 - Level 1.1 Stealth


You had 7 spell levels left.
You didn't know any spells.
Your spell library was empty.

Inventory:

Hand Weapons
 j - a +0 heavy shortbow (weapon)
Armour
 a - a +0 helmet (worn)
 h - a +0 ring mail (worn)
Jewellery
 d - a +6 ring of strength (left hand)
Scrolls
 b - a scroll of fear {unknown}
 c - 2 scrolls of identify
 e - a scroll of enchant weapon {unknown}
Potions
 f - a potion of might
 g - 2 potions of mutation
 i - a potion of degeneration {unknown}
 k - a potion of berserk rage {unknown}
 l - a potion of curing

Dungeon Overview and Level Annotations

Branches:
Dungeon (5/15)
 Temple: D:4-7

Altars:
Makhleb
Nemelex Xobeh
Trog

Annotations:
D:2 1 runed translucent door, Crazy Yiuf
D:4 1 runed translucent door, qw's ghost, amateur GrHs


Message History

The hound barely misses you. The hound bites you but does no damage.
You shoot an arrow. The arrow barely misses the hound.
The arrow hits the phantom.
The phantom is moderately damaged.
The hound closely misses you. The hound bites you but does no damage.
The orc priest calls down the wrath of Beogh upon you.
Beogh smites you!
You shoot an arrow. The arrow hits the phantom!
The phantom is almost destroyed.
The phantom closely misses you.
You shoot an arrow. The arrow hits the phantom!
You destroy the phantom!
The hound barely misses you.
Your Dodging skill increases to level 2!
You shoot an arrow. The arrow hits the hound.
The hound is almost dead.
The hound bites you but does no damage.
The orc priest invokes the aid of Beogh against you.
Beogh smites you! The hound bites you but does no damage.
The orc priest casts a cantrip, but nothing happens.
You shoot an arrow. The arrow hits the hound!
You kill the hound!
You shoot an arrow. The arrow hits the orc priest!
The orc priest is almost dead.
The orc priest hits you but does no damage. x2
The orc priest mumbles some strange prayers to Beogh against you.
Beogh smites you!
You shoot an arrow.
The arrow closely misses the orc priest.
The arrow hits the orc priest.
The orc priest is heavily wounded.
The orc priest closely misses you.
You shoot an arrow. The arrow hits the orc priest.
The orc priest is almost dead.
The orc priest barely misses you. x2
You shoot an arrow. The arrow hits the orc priest.
You kill the orc priest!
The orc priest calls down the wrath of Beogh upon you.
Pain shoots through your body!
You die...

#...#.## #...# #..###
#...#.# ##..## #.###.
#...#.####....###.##..
#...............#)##.#
#.....####.....)).....
#......###.....###...#
#####...##...### ###..
#.#.....## ##.
#@##....#7 7#.
#)#..#.## # #o#.##.# #
#g..## # ## #..## 7#.
..... #. ##. o.[.....
#..# ###.. ....$......
#...###....
.....g.....#
#......###


You could see an orc priest and a gnoll.

Vanquished Creatures
  Grinder (D:5)
  Sigmund (D:2)
  An ogre (D:5)
  2 phantoms
  A scorpion (D:5)
  A sleepcap (D:5)
  3 orc priests
  4 hounds
  An iguana (D:4)
  4 orc wizards
  6 adders
  4 gnolls (D:2)
  A worm (D:3)
  24 orcs
  5 bats
  5 endoplasms
  3 giant cockroaches
  7 goblins
  8 hobgoblins
  8 quokkas
  6 ball pythons
  3 frilled lizards
  11 kobolds
  6 rats
116 creatures vanquished.

Notes
Turn   | Place    | Note
-------+----------+-------------------------------------------
     0 | D:1      | qw the Gargoyle Hunter began the quest for the Orb.
     0 | D:1      | Reached XP level 1. HP: 12/12 MP: 1/1
     0 | D:1      | 0 ||| qw: Version: 0.3-a-74-g0d5e918
     0 | D:1      | 0 ||| qw: Game counter: 50
     0 | D:1      | 0 ||| qw: Melee chars always use a shield: true
     0 | D:1      | 0 ||| qw: God list: Okawaru
     0 | D:1      | 0 ||| qw: Allow faded altars: false
     0 | D:1      | 0 ||| qw: Do Orc after clearing Dungeon:15 true
     0 | D:1      | 0 ||| qw: Do second Lair branch before Depths: true
     0 | D:1      | 0 ||| qw: Lair rune preference: random
     0 | D:1      | 0 ||| qw: Goals: Normal
     0 | D:1      | 0 ||| PLANNING D:1-11
    63 | D:1      | Reached XP level 2. HP: 17/17 MP: 2/2
   259 | D:1      | Reached XP level 3. HP: 21/21 MP: 3/3
   288 | D:1      | Found a faded altar of an unknown god.
   394 | D:1      | Reached skill level 5 in Ranged Weapons
   430 | D:1      | 430 ||| READING scroll labelled HUAHYV NORGHOC.
   431 | D:1      | 431 ||| DROPPING scroll of butterflies.
   475 | D:2      | Noticed Sigmund
   482 | D:2      | 482 ||| STAIRDANCE
   546 | D:2      | 546 ||| STAIRDANCE
   557 | D:2      | 557 ||| STAIRDANCE
   613 | D:2      | 613 ||| STAIRDANCE
   649 | D:2      | 649 ||| STAIRDANCE
   720 | D:2      | Killed Sigmund
   721 | D:2      | Reached XP level 4. HP: 30/31 MP: 4/4
   721 | D:2      | Reached XP level 5. HP: 33/35 MP: 5/5
   943 | D:2      | Found a runed translucent door.
   944 | D:2      | Noticed Crazy Yiuf
  1332 | D:2      | HP: 8/35 [gnoll/+0 club (4)]
  1332 | D:2      | HP: 2/35 [gnoll/+0 spear (6)]
  1334 | D:2      | Reached XP level 6. HP: 2/40 MP: 6/6
  1958 | D:2      | 1958 ||| UPGRADING to +0 ring mail.
  1968 | D:2      | 1968 ||| DROPPING +0 leather armour.
  1969 | D:2      | 1969 ||| UPGRADING to +6 ring of strength.
  1970 | D:2      | 1970 ||| READING scroll labelled VANU ZOWOSACAP.
  1971 | D:2      | 1971 ||| READING scroll labelled VILUAX NAKAID.
  2042 | D:2      | 2042 ||| READING scroll labelled ZONUWE YBO XOORA.
  2043 | D:2      | 2043 ||| READING scroll labelled VOHUARGHAWA.
  2044 | D:2      | 2044 ||| DRINKING 3 glowing silvery potions.
  2044 | D:2      | Gained mutation: Your mind is acute. (Int +4, Str/Dex -1)
                  | [potion of mutation]
  2044 | D:2      | Gained mutation: You are strong-willed. (Will+) [potion of
                  | mutation]
  2218 | D:3      | Reached skill level 1 in Armour
  2289 | D:3      | 2289 ||| FLEEEEING.
  2290 | D:3      | 2290 ||| FLEEEEING.
  2291 | D:3      | 2291 ||| FLEEEEING.
  2292 | D:3      | 2292 ||| FLEEEEING.
  2293 | D:3      | 2293 ||| FLEEEEING.
  2294 | D:3      | 2294 ||| FLEEEEING.
  2295 | D:3      | 2295 ||| FLEEEEING.
  2296 | D:3      | 2296 ||| FLEEEEING.
  2297 | D:3      | 2297 ||| FLEEEEING.
  2298 | D:3      | 2298 ||| FLEEEEING.
  2303 | D:3      | 2303 ||| STAIRDANCE
  2423 | D:2      | 2423 ||| DRINKING 2 fizzy emerald potions.
  2617 | D:3      | 2617 ||| Stepping ~*~*~tactically~*~*~ (outnumbered).
  2633 | D:3      | Reached skill level 6 in Ranged Weapons
  2635 | D:3      | 2635 ||| FLEEEEING.
  2635 | D:3      | HP: 10/40 [something/magic dart (6)]
  2636 | D:3      | 2636 ||| FLEEEEING.
  2638 | D:3      | 2638 ||| FLEEEEING.
  2639 | D:3      | 2639 ||| FLEEEEING.
  2640 | D:3      | 2640 ||| FLEEEEING.
  2641 | D:3      | 2641 ||| FLEEEEING.
  2642 | D:3      | 2642 ||| FLEEEEING.
  2643 | D:3      | 2643 ||| FLEEEEING.
  2644 | D:3      | 2644 ||| FLEEEEING.
  2644 | D:3      | HP: 6/40 [orc wizard/magic dart (6)]
  2648 | D:3      | 2648 ||| FLEEEEING.
  2649 | D:3      | 2649 ||| FLEEEEING.
  2650 | D:3      | 2650 ||| FLEEEEING.
  2651 | D:3      | 2651 ||| FLEEEEING.
  2652 | D:3      | 2652 ||| FLEEEEING.
  2653 | D:3      | 2653 ||| FLEEEEING.
  2654 | D:3      | 2654 ||| FLEEEEING.
  2655 | D:3      | 2655 ||| FLEEEEING.
  2656 | D:3      | 2656 ||| FLEEEEING.
  2657 | D:3      | 2657 ||| FLEEEEING.
  2658 | D:3      | 2658 ||| FLEEEEING.
  2659 | D:3      | 2659 ||| FLEEEEING.
  2660 | D:3      | 2660 ||| FLEEEEING.
  2661 | D:3      | 2661 ||| FLEEEEING.
  2662 | D:3      | 2662 ||| FLEEEEING.
  2663 | D:3      | 2663 ||| FLEEEEING.
  2666 | D:3      | 2666 ||| FLEEEEING.
  2667 | D:3      | 2667 ||| FLEEEEING.
  2668 | D:3      | 2668 ||| FLEEEEING.
  2669 | D:3      | 2669 ||| FLEEEEING.
  2670 | D:3      | 2670 ||| FLEEEEING.
  2671 | D:3      | 2671 ||| FLEEEEING.
  2672 | D:3      | 2672 ||| FLEEEEING.
  2673 | D:3      | 2673 ||| FLEEEEING.
  2674 | D:3      | 2674 ||| FLEEEEING.
  2675 | D:3      | 2675 ||| FLEEEEING.
  2676 | D:3      | 2676 ||| FLEEEEING.
  2677 | D:3      | 2677 ||| FLEEEEING.
  2679 | D:3      | 2679 ||| FLEEEEING.
  2680 | D:3      | 2680 ||| FLEEEEING.
  2681 | D:3      | 2681 ||| FLEEEEING.
  2682 | D:3      | 2682 ||| FLEEEEING.
  2684 | D:3      | 2684 ||| FLEEEEING.
  2685 | D:3      | 2685 ||| STAIRDANCE
  3340 | D:3      | Reached XP level 7. HP: 40/44 MP: 7/7
  3379 | D:3      | 3379 ||| READING scroll labelled KOURUA HAUXKO.
  3480 | D:3      | 3480 ||| READING scroll labelled KUYRUAGYRUA.
  3481 | D:3      | 3481 ||| READING 2 scrolls of identify.
  3481 | D:3      | 3481 ||| IDENTIFYING black potion
  3482 | D:3      | 3482 ||| DROPPING potion of magic.
  3562 | D:4      | Found a runed translucent door.
  3716 | D:4      | Reached skill level 7 in Ranged Weapons
  3756 | D:4      | 3756 ||| Stepping ~*~*~tactically~*~*~ (water).
  4026 | D:4      | Found a bloodstained altar of Trog.
  4143 | D:4      | Found a burning altar of Makhleb.
  4190 | D:4      | 4190 ||| UPGRADING to +0 helmet.
  4195 | D:4      | 4195 ||| Stepping ~*~*~tactically~*~*~ (water).
  4261 | D:4      | Noticed qw's ghost (amateur GrHs)
  4261 | D:4      | Noticed a steam dragon
  4395 | D:4      | 4395 ||| READING scroll labelled GAOFFO LOTIGE.
  4396 | D:4      | 4396 ||| DRINKING 2 murky brown potions.
  4397 | D:4      | 4397 ||| READING 3 scrolls of identify.
  4397 | D:4      | 4397 ||| IDENTIFYING amethyst potion
  4398 | D:4      | 4398 ||| READING 2 scrolls of identify.
  4398 | D:4      | 4398 ||| IDENTIFYING smoky sapphire potion
  4399 | D:4      | 4399 ||| DROPPING potion of attraction.
  4400 | D:4      | 4400 ||| DROPPING potion of ambrosia.
  4427 | D:5      | Entered Level 5 of the Dungeon
  4571 | D:5      | Reached skill level 8 in Ranged Weapons
  4669 | D:5      | Reached XP level 8. HP: 41/50 MP: 8/8
  4739 | D:5      | Noticed Grinder
  4757 | D:5      | Killed Grinder
  4832 | D:5      | Found a sparkling altar of Nemelex Xobeh.
  4876 | D:5      | 4876 ||| RETREATING.
  4881 | D:5      | 4881 ||| Stepping ~*~*~tactically~*~*~ (retreating).
  4884 | D:5      | Reached skill level 9 in Ranged Weapons
  4890 | D:5      | HP: 4/50 [orc priest/divine providence (16)]
  4893 | D:5      | Killed from afar by an orc priest

Levels and vault maps discovered:
D:1:      wander_arrival_lonely_grave, layout_basic,
          ebering_ecumenical_altar_mist
D:2:      layout_basic, eino_tiny_chamber, kennysheep_pointless_box,
          kennysheep_big_empty_room, uniq_sigmund, uniq_crazy_yiuf_cottage
D:3:      layout_basic, kennysheep_generic_room_15
D:4:      layout_loops_corners, lightli_temple_of_fire, general_overflow_altar,
          ebering_ghost_inner_flame, serial_bayou, serial_bayou_pond_e,
          serial_bayou_pond_e, serial_bayou_pond_e, serial_bayou_lake_a
D:5:      cheibrodos_iron_armory, layout_rooms, mainiacjoe_overflow_catwalk,
          minmay_temple_entry_nine_rooms, uniq_blork_the_orc, uniq_ijyb,
          uniq_grinder

Skill      XL: |  1  2  3  4  5  6  7  8 |
---------------+-------------------------+-----
Ranged Weapons | 5 6 8 9 |  9.0
Fighting       | 5 |  5.6
Armour         | 1 2 |  2.2
Dodging        | 2 |  2.2
Stealth        | |  1.1

Action                     |  1- 3 |  4- 6 |  7- 9 || total
---------------------------+-------+-------+-------++-------
   Fire: Shortbow          |    91 |   216 |   149 ||   456
    Use: Scroll            |     1 |     4 |     6 ||    11
         Potion            |       |     2 |     1 ||     3
 Armour: Leather armour    |    15 |    14 |       ||    29
         Ring mail         |       |    43 |    67 ||   110
  Dodge: Dodged            |    16 |    77 |    54 ||   147

Table legend:
 A = Non-vault XP
 B = Vault XP
 C = Vault XP percentage of total XP
 D = Non-vault monster count
 E = Vault monster count
 F = Vault count percentage of total count
                 A         B        C        D         E       F
            +---------+---------+-------+---------+---------+-------
      Total |    1216 |     508 |  29.5 |     113 |       3 |   2.6
            +---------+---------+-------+---------+---------+-------
        D:1 |      39 |       0 |   0.0 |      26 |       0 |   0.0
        D:2 |      91 |     223 |  71.0 |      17 |       1 |   5.6
        D:3 |     261 |      13 |   4.7 |      31 |       1 |   3.1
        D:4 |     277 |       0 |   0.0 |      26 |       0 |   0.0
        D:5 |     548 |     272 |  33.2 |      13 |       1 |   7.1
            +---------+---------+-------+---------+---------+-------
